 Dungeon Sprint DCSS version 0.30-a0-782-ge64f9170bb (webtiles) character file.

Game seed: 14801487048875560425

1296 nuthulu the Grappler (level 8, -8/97 HPs)
             Began as a Troll Berserker on Feb 23, 2023.
             Was a High Priest of Trog.
             Engulfed by a death drake's foul pestilence (17 damage)
             ... in the Dungeon (Sprint II: "The Violet Keep of Menkaure").
             The game lasted 00:02:42 (525 turns).

nuthulu the Grappler (Troll Berserker)               Turns: 525, Time: 00:02:43

Health: -8/97      AC:  4    Str: 26      XL:     8   Next: 31%
Magic:  7/7        EV: 10    Int:  2 (3)  God:    Trog [*****.]
Gold:   248        SH:  0    Dex:  9      Spells: 7/7 levels left

rFire   . . .      SeeInvis .      - Unarmed
rCold   + . .      Faith    .    (no shield)
rNeg    + . .      Spirit   .    a - +0 animal skin
rPois   .          Reflect  .    (helmet restricted)
rElec   .          Harm     .    (no cloak)
rCorr   .          Rampage  .    (gloves unavailable)
Will    ++...      NoTele   +    (boots unavailable)
Stlth   +                        (no amulet)
HPRegen 1.16/turn                b - ring of Jejor {rC+ rN+ Will++ Str-2}
MPRegen 0.10/turn                (no ring)

@: lethally poisoned (-8 -> -55), slowed, very slow
A: large, unfitting armour, claws 3, regeneration 1, shaggy fur 1, tough skin 1
a: Renounce Religion, Berserk, Trog's Hand, Brothers in Arms


You were in the Dungeon.
You worshipped Trog.
Trog was extremely pleased with you.
You visited 1 branch You collected 729 gold pieces.
You spent 481 gold pieces at shops.

Inventory:

Armour
 a - a +0 animal skin (worn)
Jewellery
 b - the ring of Jejor (left claw) {rC+ rN+ Will++ Str-2}
   (You bought it in a shop in the Dungeon)

   [ring of positive energy]

   Str:       It affects your strength (-2).
   rC:        It protects you from cold.
   rN:        It protects you from negative energy.
   Will:      It greatly increases your willpower.
Scrolls
 g - a scroll of blinking
Potions
 d - a potion of haste
 e - 2 potions of magic


   Skills:
 + Level 11.3 Fighting
 - Level 2.4 Dodging
 + Level 13.3 Unarmed Combat


You had 7 spell levels left.
You didn't know any spells.
Your spell library was empty.

Dungeon Overview and Level Annotations

Branches:
Dungeon (1/1)

Altars:
Cheibriados
Dithmenos
Elyvilon
Hepliaklqana
Kikubaaqudgha
Makhleb
Qazlal
Ru
Sif Muna
Trog
Uskayaw
Vehumet
Wu Jian
Xom
Yredelemnul
Zin
The Shining One
Jiyva
Lugonu

Shops:
D [:?[[(((:==!:*!

Annotations:
D exclusions: obsidian statue and oklob plant


Innate Abilities, Weirdness & Mutations

You are too large for most types of armour.
You have claws for hands.
Your natural rate of healing is unusually fast.
You are covered in fur. (AC +1)
You have tough skin. (AC +1)


Message History

There is an open door here.
You enter the shallow water.
Which direction?
You close the door.
There is an open door here.
There is an open door, spattered with blood here.
Things that are here:
a wyvern skeleton; a wyvern skeleton
There is a staircase leading out of the dungeon here.
There is an open door, spattered with blood here.
There is an open door here.
Really walk into a travel-excluded area? [Y]es or [N]o only, please.
Really walk into a travel-excluded area?
Uppercase [Y]es or [N]o only, please.
Really walk into a travel-excluded area? [Y]es or [N]o only, please.
Really walk into a travel-excluded area?
You enter the shallow water.
The death drake hisses angrily. x2; The swamp drake roars!
The death drake breathes miasma at you. The foul vapour engulfs you!
You are poisoned.
You are engulfed in dark miasma.
You are more poisoned.
You feel extremely sick.
You are engulfed in dark miasma.
You are more poisoned.
You feel yourself slow down.
You feel extremely sick.
You feel extremely sick.
You feel extremely sick. The death drake breathes miasma at you.
The foul vapour engulfs you!!
You are lethally poisoned!
* * * LOW HITPOINT WARNING * * *
You are engulfed in dark miasma.
You are more poisoned.
You feel as though you will be slow longer.
You die...

~~~.##+##..# #. 9# ~~~##.
##.#### +.##.
~~~#..##.#....# #..k#
~####.#.####..## #..#
##.###'###.##..# +.k#
#.#.##.###..#..# #.k# #
'###÷.<.'##.'..####.°##.#
#.#.##.##.#.#..°°###k..##▓▓▓
##.###'###.##..°@○☼k~~~~~~~~
~####.#.####~§.§§°°~#+######
~~~#..#..#~~~§§§~°°~#._._._.
÷#~##...##~§§§~§°~.~#.._._._
.#~~##+##~~~≈≈≈~§~~~#._._._.
###~~~~~~~~~~≈≈§≈§~§#_._._._
#+++#+++#~≈≈≈≈≈§≈§#._._._.


SSSS≈ ##≈≈≈###§§#_._._. ≈§§≈≈§≈≈≈ #§§# §≈ You could see 2 death drakes.

Vanquished Creatures
  2 wyverns (D)
  4 neqoxecs (D)
  Menkaure (D)
  A water moccasin (D)
  4 necrophages (D)
  A hell rat (D)
  3 worms (D)
16 creatures vanquished.

Notes
Turn   | Place    | Note
-------+----------+-------------------------------------------
     0 | D        | nuthulu the Troll Berserker began the quest for the Orb.
     0 | D        | Reached XP level 1. HP: 22/22 MP: 0/0
     1 | D        | Noticed a wyvern
     1 | D        | Noticed a wyvern
     4 | D        | Noticed a necrophage
     4 | D        | Noticed a necrophage
     4 | D        | Noticed a necrophage
     4 | D        | Noticed a necrophage
     8 | D        | Killed a necrophage
     9 | D        | Reached skill level 5 in Fighting
     9 | D        | Reached skill level 6 in Unarmed Combat
     9 | D        | Reached XP level 2. HP: 35/35 MP: 1/1
     9 | D        | Reached XP level 3. HP: 42/42 MP: 2/2
    17 | D        | Killed a necrophage
    18 | D        | Reached skill level 7 in Unarmed Combat
    18 | D        | Reached XP level 4. HP: 52/52 MP: 3/3
    19 | D        | Killed a necrophage
    19 | D        | Reached ** piety under Trog
    20 | D        | Reached skill level 8 in Unarmed Combat
    20 | D        | Reached XP level 5. HP: 62/62 MP: 4/4
    21 | D        | Reached skill level 9 in Unarmed Combat
    66 | D        | Noticed a neqoxec
    69 | D        | Noticed a neqoxec
    76 | D        | Killed a neqoxec
    77 | D        | Reached skill level 10 in Unarmed Combat
    77 | D        | Reached XP level 6. HP: 74/74 MP: 5/5
    79 | D        | Killed a neqoxec
    80 | D        | Reached skill level 11 in Unarmed Combat
    85 | D        | Noticed a neqoxec
    92 | D        | Killed a neqoxec
    92 | D        | Reached *** piety under Trog
    93 | D        | Reached XP level 7. HP: 46/84 MP: 6/6
   143 | D        | Killed a wyvern
   143 | D        | Reached **** piety under Trog
   144 | D        | Reached skill level 10 in Fighting
   144 | D        | Reached skill level 12 in Unarmed Combat
   146 | D        | Killed a wyvern
   161 | D        | Found Roala's Distillery.
   161 | D        | Found Qoili's Jewellery Boutique.
   161 | D        | Found Ollunewk's Distillery.
   161 | D        | Found Leske's Assorted Antiques.
   161 | D        | Found Laept's Book Shop.
   161 | D        | Found Anuqiy's Jewellery Shop.
   161 | D        | Found Runas's Antique Weapon Boutique.
   165 | D        | Reached XP level 8. HP: 96/96 MP: 7/7
   165 | D        | Found Deas's Antique Weapon Boutique.
   165 | D        | Found Dotug's Antique Armour Shop.
   166 | D        | Found Vakerghi's Book Shop.
   166 | D        | Found Cousmina's Weapon Boutique.
   167 | D        | Found Etanas's Antique Armour Boutique.
   167 | D        | Found Nirphiur's Magic Scroll Shop.
   167 | D        | Noticed Menkaure
   167 | D        | Noticed an oklob plant
   168 | D        | Found Upoitum's Book Shoppe.
   168 | D        | Found Sogrop's Armour Boutique.
   168 | D        | Noticed a manticore
   169 | D        | Noticed a manticore
   169 | D        | Noticed a manticore
   176 | D        | Killed Menkaure
   177 | D        | Reached skill level 13 in Unarmed Combat
   197 | D        | Noticed a death yak
   218 | D        | Reached ***** piety under Trog
   252 | D        | Noticed an obsidian statue
   303 | D        | Found a glowing silver altar of Zin.
   304 | D        | Found a glowing golden altar of the Shining One.
   304 | D        | Found a basalt altar of Yredelemnul.
   304 | D        | Found a hide-covered altar of Uskayaw.
   305 | D        | Found a shimmering altar of Xom.
   305 | D        | Found a bloodstained altar of Trog.
   305 | D        | Found a radiant altar of Vehumet.
   305 | D        | Found a burning altar of Makhleb.
   306 | D        | Found an ornate altar of the Wu Jian Council.
   306 | D        | Found a shimmering blue altar of Sif Muna.
   306 | D        | Found a corrupted altar of Lugonu.
   307 | D        | Found a sacrificial altar of Ru.
   307 | D        | Found an ancient bone altar of Kikubaaqudgha.
   307 | D        | Found a white marble altar of Elyvilon.
   308 | D        | Found a stormy altar of Qazlal.
   308 | D        | Found a viscous altar of Jiyva.
   308 | D        | Found a shadowy altar of Dithmenos.
   309 | D        | Found a hazy altar of Hepliaklqana.
   309 | D        | Found a snail-covered altar of Cheibriados.
   414 | D        | Noticed a death drake
   414 | D        | Noticed a crystal guardian
   416 | D        | Noticed a death drake
   492 | D        | Bought the ring of Jejor {rC+ rN+ Will++ Str-2} for 481
                  | gold pieces
   525 | D        | Engulfed by a death drake's foul pestilence

Illustrated notes

Levels and vault maps discovered:
D:        the_violet_keep_of_menkaure [sprint2_stairs_cluster_1,
          sprint2_shoproom, sprint2_temple, sprint2_basic_supplies,
          sprint2_obstacle_7, sprint2_obstacle_5, sprint2_obstacle_3,
          sprint2_obstacle_6, sprint2_obstacle_1, sprint2_timed_cluster_1,
          sprint2_smallroom_cluster_1, sprint2_smallroom_final_cluster_1,
          sprint2_transparent_cluster_1, sprint2_second_timed_cluster_1,
          sprint2_sniper_area_1, sprint2_heavy_combat_area_1,
          sprint2_mutation_trap_area_1, sprint2_forest_area_1,
          sprint2_light_combat_area_1, sprint2_behind_water_1,
          sprint2_near_end_vault_1]

Skill      XL: |  1  2  3  4  5  6  7  8 |
---------------+-------------------------+-----
Fighting       | 5 6 7 8 9 10 11 | 11.3
Unarmed Combat | 6 7 8 10 11 12 13 | 13.3
Dodging        | |  2.4

Action                     |  1- 3 |  4- 6 |  7- 9 || total
---------------------------+-------+-------+-------++-------
  Melee: Unarmed           |    11 |    19 |    28 ||    58
         Punch             |       |     3 |     1 ||     4
 Invoke: Berserk           |       |     1 |     2 ||     3
         Trog's Hand       |       |     1 |       ||     1
    Use: Potion            |     1 |       |     2 ||     3
         Scroll            |       |       |     1 ||     1
 Armour: Animal skin       |       |     1 |     3 ||     4
  Dodge: Dodged            |     4 |     5 |    10 ||    19

Table legend: (Time is in decaauts)
 A = Elapsed time spent in this place.
 B = Non-inter-level travel time spent in this place.
 C = Inter-level travel time spent in this place.
 D = Time resting spent in this place.
 E = Time spent auto-exploring this place.
 F = Levels seen in this place.
 G = Mean time per level.
                   A        B        C        D        E       F      G
               +--------+--------+--------+--------+--------+-----+--------+
         Total |    559 |    559 |      0 |    258 |     23 |   1 |  559.0 |
       Dungeon |    559 |    559 |      0 |    258 |     23 |   1 |  559.0 |
               +--------+--------+--------+--------+--------+-----+--------+

Top non-repeatable levels by time:
       D: 559 daAuts
